Map: Dusk Towers

Players

ReDPanDa - Winner!

  • Race: Zerg Zerg
  • League: Master

A.I. 1 (Elite)

  • Race: Terran Terran

VOD

https://www.bonjwa.de/starcraft-ii/lotv/build-order/zerg-vs-terran-11-roach-ravager-ling-attack-0

Description

Time

  • Played on: Nov. 23, 2015, 11:28 a.m.
  • Length: 8:11
Show
View Real Time Build Order
Export as new Build Order

ReDPanDa Zerg - Winner!

Build Orders: Hatch First 

Get SALT Encoding   

  12  0:01  Drone  
  13  0:12  Overlord  
  13  0:17  Drone  
  14  0:31  Drone x2  
  14  0:34  Drone  
  17  0:53  Hatchery  
  17  0:55  Drone  
  17  0:57  Drone  
  18  1:11  Spawning Pool  
  18  1:15  Drone  
  18  1:17  Drone  
  19  1:21  Extractor  
  18  1:29  Drone  
  19  1:39  Drone  
  20  1:49  Overlord  
  20  1:57  Queen  
  22  2:05  Zergling x2, Queen  
  22  2:06  Drone  
  26  2:11  Drone  
  27  2:16  Drone  
  27  2:21  Metabolic Boost  
  27  2:22  Drone  
  29  2:27  Drone  
  30  2:32  Drone  
  30  2:33  Queen  
  33  2:37  Overlord  
  33  2:43  Drone  
  34  2:48  Drone  
  35  2:52  Hatchery  
  35  2:56  Drone  
  35  2:58  Drone  
  35  3:04  Lair  
  36  3:07  Drone  
  36  3:08  Drone  
  38  3:13  Overlord  
  38  3:15  Drone  
  38  3:17  Drone  
  40  3:21  Drone x2  
  42  3:27  Roach Warren  
  42  3:29  Drone  
  42  3:31  Drone  
  43  3:34  Drone  
  43  3:36  Extractor  
  43  3:37  Drone, Extractor  
  43  3:39  Drone  
  44  3:43  Drone x2  
  44  3:46  Drone x2  
  48  3:50  Evolution Chamber  
  48  3:53  Evolution Chamber, Drone  
  48  3:55  Drone  
  48  3:57  Drone  
  48  4:00  Drone  
  50  4:07  Drone  
  50  4:08  Overlord, Drone  
  52  4:12  Glial Reconstitution  
  52  4:15  Queen  
  52  4:16  Drone  
  55  4:21  Zerg Missile Weapons Level 1  
  55  4:25  Zerg Ground Armor Level 1  
  55  4:28  Drone x2  
  55  4:29  Drone  
  58  4:31  Drone  
  58  4:33  Drone  
  58  4:38  Overlord  
  60  4:39  Drone x2  
  60  4:40  Drone  
  60  4:41  Drone  
  60  4:44  Drone x2  
  66  4:56  Drone  
  66  4:57  Overlord, Drone, Extractor x2  
  66  4:59  Overlord, Drone  
  68  5:00  Drone x3  
  68  5:04  Drone x2  
  72  5:13  Overlord  
  71  5:14  Roach  
  71  5:15  Roach  
  77  5:21  Roach x3  
  77  5:22  Roach  
  77  5:23  Overlord x2  
  77  5:24  Roach x2  
  77  5:26  Roach  
  89  5:32  Roach x3  
  95  5:35  Overlord  
  95  5:36  Overlord  
  95  5:38  Roach  
  97  5:44  Roach  
  97  5:47  Roach  
  97  5:49  Roach  
  103  5:52  Roach x3  
  103  5:55  Roach x3  
  103  5:56  Overlord x2  
  115  6:00  Roach  
  115  6:01  Roach x2  
  115  6:03  Drone  
  122  6:10  Overlord x2  
  122  6:15  Ravager x6  
  122  6:16  Roach  
  130  6:19  Roach  
  132  6:25  Zergling x2  
  132  6:26  Zergling x14  
  132  6:28  Zergling x6  
  143  6:43  Roach x2  
  147  6:49  Hatchery, Roach x4  
  154  6:56  Extractor  
  154  6:58  Zergling x10, Hydralisk Den  
  135  7:08  Drone x3  
  135  7:09  Roach x3, Drone  
  135  7:12  Roach x2  
  144  7:16  Roach  
  146  7:23  Roach x2  
  146  7:26  Roach  
  152  7:33  Roach x2  
  156  7:39  Roach x3  
  156  7:42  Overlord x3  
  162  7:59  Infestation Pit  
Show
View Real Time Build Order
Export as new Build Order

A.I. 1 (Elite) Terran 

Build Orders: Mech 

Get SALT Encoding   

  12  0:00  SCV  
  13  0:13  SCV  
  14  0:19  Supply Depot  
  14  0:25  SCV  
  15  0:29  Refinery  
  15  0:41  SCV  
  16  0:47  Barracks  
  16  0:53  SCV  
  17  1:05  SCV  
  17  1:07  Supply Depot  
  18  1:17  SCV  
  19  1:29  SCV  
  20  1:36  Marine  
  20  1:38  Factory  
  21  1:42  SCV, Barracks  
  22  1:53  Marine  
  23  1:54  SCV  
  23  2:01  Supply Depot  
  24  2:06  SCV  
  25  2:11  Marine  
  26  2:18  SCV  
  27  2:23  Factory Tech Lab  
  27  2:29  Marine  
  28  2:30  SCV  
  28  2:32  Marine  
  30  2:42  SCV  
  34  2:44  Siege Tank  
  34  3:02  SCV, Command Center  
  35  3:15  Orbital Command  
  35  3:16  Refinery  
  35  3:33  Factory, Marine  
  36  3:36  Marine  
  37  3:41  SCV  
  38  3:53  SCV  
  39  3:55  Supply Depot  
  39  4:06  SCV  
  39  4:14  SCV  
  40  4:17  Factory Tech Lab  
  40  4:18  SCV  
  40  4:23  Siege Tank  
  44  4:26  SCV  
  44  4:30  SCV  
  46  4:35  Siege Tank  
  49  4:38  SCV  
  49  4:39  Supply Depot, Marine  
  49  4:42  SCV  
  52  4:49  Supply Depot  
  52  4:50  SCV  
  53  4:54  SCV  
  53  4:58  Siege Tank  
  57  5:02  SCV  
  57  5:06  SCV  
  59  5:07  Refinery, Hellion  
  59  5:13  Refinery, Barracks Tech Lab  
  61  5:14  SCV  
  61  5:19  SCV  
  63  5:27  SCV  
  64  5:29  Hellion  
  64  5:30  Hellion  
  64  5:31  SCV  
  64  5:34  Supply Depot  
  69  5:39  Armory, SCV  
  70  5:43  SCV  
  70  5:47  Command Center  
  71  5:50  Hellion  
  71  5:51  SCV  
  71  5:55  SCV  
  75  6:03  SCV  
  76  6:04  Armory  
  76  6:08  SCV  
  76  6:11  Supply Depot, Marauder  
  78  6:15  SCV  
  79  6:20  SCV  
  80  6:26  Factory  
  80  6:32  SCV x2, Marauder  
  84  6:35  Supply Depot  
  84  6:37  Siege Tank  
  87  6:48  Siege Tank  
  87  6:54  Marauder  
  92  6:57  Marine  
  92  6:59  Supply Depot  
  92  7:00  SCV  
  94  7:02  SCV  
  94  7:03  SCV  
  78  7:09  Hellion x2  
  78  7:12  SCV  
  78  7:15  SCV, Marine, Marauder  
  72  7:16  Refinery  
  70  7:23  Hellion  
  70  7:25  SCV  
  70  7:27  SCV  
  71  7:33  Marine  
  71  7:36  Marauder  
  51  7:44  Hellion  
  51  7:46  SCV, Hellion  
  51  7:50  Marine  
  51  7:56  Command Center  
  43  7:59  Barracks Tech Lab  
Tags
 
Composition
Mech
League
Master
Matchup
TvZ
Add a new tag
Caveats
  • Supply blocks, unpowered buildings, or Contaminate may cause inaccurate times.
  • Supply counts are checked every 10 seconds.